 Dungeon Crawl Stone Soup version 0.27-a0-1217-g8a41f320e8 (webtiles) character file.

Game seed: 7974524637753263770

97 Bnni the Skirmisher (level 4, 0/55 HPs)
             Began as a Demonspawn Fighter on June 6, 2021.
             Succumbed to Crazy Yiuf's poison
             ... on level 2 of the Dungeon.
             The game lasted 00:03:27 (2303 turns).

Bnni the Skirmisher (Demonspawn Fighter)            Turns: 2303, Time: 00:03:28

Health: 0/55       AC: 22    Str: 16    XL:     4   Next: 42%
Magic:  1/4        EV:  2    Int:  9    God:
Gold:   82         SH:  0    Dex: 14    Spells: 3/3 levels left

rFire    . . .     SeeInvis .   a - +0 long sword
rCold    . . .     Faith    .   (no shield)
rNeg     + + +     Spirit   .   (armour currently unavailable)
rPois    +         Reflect  .   (helmet currently unavailable)
rElec    .         Harm     .   (cloak currently unavailable)
rCorr    .         Rampage  .   (gloves currently unavailable)
Will     .....     NoTele   +   (boots currently unavailable)
Stlth    +.........             (no amulet)
HPRegen  0.18/turn              k - ring of wizardry
MPRegen  0.09/turn              (no ring)

@: lethally poisoned (0 -> -10), tree-form, hasted, very quick
A: stationary, stasis, torment immunity, boosted hp, (claws 1), (slimy green
scales 2)
a: no special abilities


You were on level 2 of the Dungeon.
You were a tree.
You visited 1 branch of the dungeon, and saw 2 of its levels.

You collected 82 gold pieces.

Inventory:

Hand Weapons
 a - a +0 long sword (weapon)
Missiles
 i - 11 poisoned darts (quivered)
Armour
 b - a +0 scale mail
 c - a +0 kite shield
 g - a +0 chain mail (melded)
Jewellery
 k - a ring of wizardry (left branch)
Scrolls
 f - a scroll of silence {unknown}
 h - 2 scrolls of teleportation {unknown}
 l - a scroll of summoning {unknown}
Potions
 d - a potion of might
 e - a potion of lignification
 j - a potion of flight


   Skills:
 + Level 3.8 Fighting
 * Level 3.6 Long Blades
 - Level 2.6 Armour
 - Level 2.7 Shields


You had 3 spell levels left.
You didn't know any spells.
Your spell library was empty.

Dungeon Overview and Level Annotations

Branches:
Dungeon (2/15)

Altars:

Annotations:
D:2 Crazy Yiuf


Innate Abilities, Weirdness & Mutations

You are a tree.
Your roots penetrate the ground, keeping you stationary.
You cannot be teleported.
You are immune to unholy pain and torment.
Your maximum health is greatly increased.
Your equipment is partially melded.
((You have sharp fingernails.))
((You are mostly covered in slimy green scales. (AC +3)))


Message History

You are poisoned.
You hit Crazy Yiuf but do no damage.
You feel sick.
Crazy Yiuf hits you with a +4 quarterstaff of chaos.
You are more poisoned.
You closely miss Crazy Yiuf.
You feel very sick.
Crazy Yiuf hits you with a +4 quarterstaff of chaos!
You feel your power leaking away.
Crazy Yiuf hits you with a +4 quarterstaff of chaos.
You feel yourself speed up.
It was a potion of lignification.
You turn into a tree.
Your +0 chain mail melds into your body.
Your roots penetrate the ground.
You feel sick.
You hit Crazy Yiuf.
Crazy Yiuf is lightly wounded.
You feel sick.
Crazy Yiuf hits you with a +4 quarterstaff of chaos.
You are lethally poisoned!
You completely miss Crazy Yiuf.
Crazy Yiuf is lightly wounded.
* * * LOW HITPOINT WARNING * * *
You feel very sick. Crazy Yiuf hits you but does no damage.
You hit Crazy Yiuf.
Crazy Yiuf is moderately wounded.
* * * LOW HITPOINT WARNING * * *
You feel very sick. Crazy Yiuf hits you but does no damage.
You barely miss Crazy Yiuf.
Crazy Yiuf is moderately wounded.
* * * LOW HITPOINT WARNING * * *
You feel very sick.
Crazy Yiuf hits you with a +4 quarterstaff of chaos.
* * * LOW HITPOINT WARNING * * *
You hit Crazy Yiuf but do no damage.
Crazy Yiuf is moderately wounded.
* * * LOW HITPOINT WARNING * * *
You feel very sick.
It was a potion of flight.
Your roots keep you in place.
You die...

#.# #.# #.# ###### #.#### ###
♣♣#####..... #....# #)..#♣♣
♣♣....#..... #..#.#
#...g♣♣♣♣♣......†.# #..#.#
#...#♣..♣.........# ##....# ###
♣♣♣.♣....##..#### ..#.#.#
♣♣♣♣♣##........ #...#.# #.#..####
#####.###### #........
....#.#....##############.#######
###.#.#.#..............<.........
#.#.#.#.#......################


You could see Crazy Yiuf.

Vanquished Creatures
  Terence (D:2)
  2 adders (D:2)
  A gnoll (D:1)
  A dart slug (D:2)
  4 endoplasms
  A giant cockroach (D:2)
  4 goblins (D:1)
  4 hobgoblins
  5 jackals (D:2)
  3 quokkas
  2 ball pythons (D:1)
  3 bats
  3 frilled lizards
  5 kobolds
  2 rats
41 creatures vanquished.

Notes
Turn   | Place    | Note
-------+----------+-------------------------------------------
     0 | D:1      | Bnni the Demonspawn Fighter began the quest for the Orb.
     0 | D:1      | Reached XP level 1. HP: 18/18 MP: 1/1
   322 | D:1      | Gained mutation: You are partially covered in slimy green
                  | scales. (AC +2) [demonic ancestry]
   322 | D:1      | Reached XP level 2. HP: 24/24 MP: 2/2
   383 | D:1      | Found Eborieps's Assorted Antiques.
   962 | D:2      | Gained mutation: You are mostly covered in slimy green
                  | scales. (AC +3) [demonic ancestry]
   962 | D:2      | Reached XP level 3. HP: 28/29 MP: 3/3
  1516 | D:2      | Found a faded altar of an unknown god.
  1728 | D:2      | Noticed Terence
  1739 | D:2      | Killed Terence
  1740 | D:2      | Gained mutation: You have sharp fingernails. [demonic
                  | ancestry]
  1740 | D:2      | Reached XP level 4. HP: 29/37 MP: 4/4
  2288 | D:2      | Found a runed translucent door.
  2289 | D:2      | Noticed Crazy Yiuf
  2302 | D:2      | HP: 1/55 [poisoned by Crazy Yiuf]
  2303 | D:2      | Succumbed to Crazy Yiuf's poison

Illustrated notes

Levels and vault maps discovered:
D:1:      saegor_arrival_simple_b, layout_basic, serial_shops, shop
D:2:      minmay_alternating_diamond, layout_basic,
          ebering_ecumenical_altar_sacrificial, uniq_terence,
          uniq_crazy_yiuf_cottage

Skill      XL: |  1  2  3 |
---------------+----------+-----
Long Blades    | 2 3 |  3.6
Fighting       | |  3.8
Armour         | |  2.6
Shields        | |  2.7

Action                   |  1- 3 |  4- 6 || total
-------------------------+-------+-------++-------
Melee: Long sword        |   104 |    20 ||   124
  Use: Potion            |       |     2 ||     2
Armor: Scale mail        |    18 |       ||    18
       Chain mail        |    72 |     8 ||    80
       Skin              |       |     2 ||     2
Dodge: Dodged            |    54 |    11 ||    65
       Rpst.: Long sword |    18 |     2 ||    20

Table legend: (Time is in decaauts)
 A = Elapsed time spent in this place.
 B = Non-inter-level travel time spent in this place.
 C = Inter-level travel time spent in this place.
 D = Time resting spent in this place.
 E = Time spent auto-exploring this place.
 F = Levels seen in this place.
 G = Mean time per level.
                   A        B        C        D        E       F      G
               +--------+--------+--------+--------+--------+-----+--------+
         Total |   2335 |   2282 |     53 |    331 |   1605 |   2 | 1167.5 |
       Dungeon |   2335 |   2282 |     53 |    331 |   1605 |   2 | 1167.5 |
               +--------+--------+--------+--------+--------+-----+--------+

Top non-repeatable levels by time:
     D:1: 1296 daAuts
     D:2: 1038 daAuts
